 Dungeon Crawl Stone Soup version 0.15-a0-1345-gc375f20 (webtiles) character file.

809 Qrupt the Cutter (level 8, -7/58 HPs)
             Began as a Human Wanderer on June 7, 2014.
             Killed from afar by Natasha (9 damage)
             ... with a magic dart
             ... on Level 5 of the Dungeon.
             The game lasted 00:17:21 (5737 turns).

Qrupt the Cutter (Human Wanderer)                   Turns: 5737, Time: 00:17:21

HP  -7/58        AC  7     Str 13      XL: 8   Next: 15%
MP   9/9         EV  8     Int 11      God:
Gold 179         SH  7     Dex 16      Spells:  0 memorised,  7 levels left

rFire  . . .     SeeInvis .     C - +2 dagger (speed)
rCold  + . .     Clarity  .     b - +0 ring mail
rNeg   . . .     rCorr    .     a - +0 shield
rPois  .         rRot     .     (helmet restricted)
rElec  .         Spirit   .     (no cloak)
SustAb +         Warding  .     k - +0 pair of gloves (curse)
rMut   .         Stasis   .     u - +0 pair of boots
Gourm  .                        (no amulet)
MR     .....                    y - ring of sustain abilities
                                z - +2 ring of strength

@: exhausted, very slightly contaminated, slowed, very slow, not resistant to
hostile enchantments, unstealthy
A: horns 1, cold resistance 1, weak 1
a: no special abilities


You were on level 5 of the Dungeon.
You were hungry.

You visited 1 branch of the dungeon, and saw 5 of its levels.

You collected 179 gold pieces.

Inventory:

Hand weapons
 q - a +0,+0 sling
 v - a +1,+2 dagger of flaming
 C - a +2,+2 dagger of speed (weapon)
Missiles
 i - 18 stones (quivered)
Armour
 a - a +0 shield (worn)
 b - a +0 ring mail (worn)
 k - a cursed +0 pair of gloves (worn)
 u - a +0 pair of boots (worn)
Comestibles
 c - a chunk of iguana flesh
 f - 3 bread rations
 o - a meat ration
 D - a beef jerky
Scrolls
 d - 4 scrolls of teleportation
 e - 4 scrolls of identify
 h - 2 scrolls of fog {unknown}
 j - 2 scrolls of enchant armour {unknown}
 m - 2 scrolls of remove curse {unknown}
 s - a scroll of blinking {unknown}
 A - a scroll of enchant weapon I {unknown}
 B - a scroll of recharging {unknown}
Jewellery
 t - an uncursed ring of flight
 y - a ring of sustain abilities (right hand)
 z - a +2 ring of strength (left hand)
Potions
 l - 5 potions of restore abilities


   Skills:
 - Level 3.0 Fighting
 + Level 5.6 Short Blades
 + Level 5.0 Dodging
 - Level 5.2 Stealth
 - Level 1.0 Shields
 - Level 1.0 Evocations


You had 7 spell levels left.
You didn't know any spells.

Dungeon Overview and Level Annotations

Branches:
Dungeon (5/15)
 Temple: D:4-7

Altars:
Cheibriados

Annotations:
D:5 Dowan, Natasha


Innate Abilities, Weirdness & Mutations

You have a pair of small horns on your head.
Your flesh is cold resistant.
You are weak. (Str -2)


Message History

Dowan is severely wounded.
Dowan hits you with a dagger.
* * * LOW HITPOINT WARNING * * *
You hit Dowan but do no damage.
Dowan is severely wounded.
You are no longer glowing.
Dowan mumbles some strange words.
Dowan blinks!
Natasha casts a spell at you. The magic dart hits you!
* * * LOW HITPOINT WARNING * * *
Drink which item? (? for menu, Esc to quit)
Okay, then.
Read which item? (? for menu, Esc to quit)
As you read the scroll labeled KHUWEA STAUMMI, it crumbles to dust.
You hear a very strange noise indeed.
It was a scroll of random uselessness.
Natasha casts a spell at you. The magic dart hits you!
You die...

#.........####...... #.........#
#.###.. #.........####.###..
#.........##....##.# .
#.........##....##.. ...
#.5.......##........ #.#.##
#..h......##........
.....#####)).................
.#.#.......#.@ยง...e...........
............#..........#####...
.#.#.#.......#..........#####%..
..............###...##...........
#.#.#.#...!...# #...##...........
............### #...##........##.
............# #...#####.....##.
............# #...# #.....##.
.......##...# #...# ###.....##.


You could see Dowan, Natasha and a crimson imp.

Vanquished Creatures
  Menkaure (D:5)
  A phantom (D:4)
  A centaur (D:4)
  Duvessa (D:5)
  The ghost of Gargoyle the Ruffian, a weakling MiMo (D:4)
  2 orc priests (D:3)
  2 hounds (D:4)
  2 iguanas
  A worker ant (D:4)
  Natasha (D:5)
  Ijyb (D:5)
  3 adders
  4 worms
  2 giant geckos
  8 orcs
  3 giant cockroaches
  11 hobgoblins
  2 oozes
  2 quokkas
  3 ball pythons
  8 bats
  3 giant newts (D:2)
  14 goblins
  6 jackals
  12 kobolds
  2 kobold skeletons (D:4)
  12 rats
  2 rat skeletons (D:4)
111 creatures vanquished.

Notes
Turn   | Place    | Note
--------------------------------------------------------------
     0 | D:1      | Qrupt, the Human Wanderer, began the quest for the Orb.
     0 | D:1      | Reached XP level 1. HP: 18/18 MP: 1/1
   335 | D:1      | Reached XP level 2. HP: 21/24 MP: 2/2
   805 | D:1      | Reached XP level 3. HP: 24/29 MP: 3/3
  1574 | D:2      | Reached XP level 4. HP: 33/35 MP: 4/4
  2363 | D:3      | Found a snail-covered altar of Cheibriados.
  2682 | D:3      | Reached XP level 5. HP: 41/41 MP: 5/5
  2956 | D:4      | Gained mutation: You are weak. (Str -2) [potion of mutation]
  2956 | D:4      | Gained mutation: Your flesh is cold resistant. [potion of mutation]
  2956 | D:4      | Gained mutation: You have a pair of small horns on your head. [potion of mutation]
  3151 | D:4      | Noticed a phantom
  3152 | D:4      | Noticed a centaur
  3211 | D:3      | Reached skill level 4 in Short Blades
  3211 | D:3      | Reached XP level 6. HP: 22/47 MP: 7/7
  3809 | D:4      | Noticed Gargoyle's ghost (weakling MiMo)
  4457 | D:4      | Killed Gargoyle's ghost
  4766 | D:4      | Killed a phantom
  4766 | D:4      | Reached XP level 7. HP: 14/52 MP: 8/8
  4997 | D:4      | Killed a centaur
  5297 | D:5      | Entered Level 5 of the Dungeon
  5400 | D:5      | Noticed Menkaure
  5408 | D:5      | Killed Menkaure
  5408 | D:5      | Reached skill level 5 in Short Blades
  5408 | D:5      | Reached skill level 5 in Stealth
  5558 | D:5      | Noticed Natasha
  5568 | D:5      | Killed Natasha
  5606 | D:5      | Reached XP level 8. HP: 51/58 MP: 9/9
  5645 | D:5      | Noticed Duvessa
  5645 | D:5      | Noticed Dowan
  5645 | D:5      | Noticed Ijyb
  5687 | D:5      | Killed Ijyb
  5713 | D:5      | Killed Duvessa
  5713 | D:5      | Reached skill level 5 in Dodging
  5724 | D:5      | Noticed Natasha
  5736 | D:5      | HP: 2/58 [Natasha/magic dart (5)]
  5737 | D:5      | Killed from afar by Natasha

Action                   |  1- 3 |  4- 6 |  7- 9 || total
-------------------------+-------+-------+-------++-------
Melee: Dagger            |   218 |   299 |   123 ||   640
 Fire: Sling             |    41 |       |       ||    41
  Use: Scroll            |       |     1 |     5 ||     6
       Potion            |       |     4 |     3 ||     7
 Stab: Sleeping          |       |     1 |     1 ||     2
